 Dungeon Crawl Stone Soup version 0.21.1-1-g345015f (webtiles) character file.

67 Monsterracer the Firebug (level 4, -3/27 HPs)
             Began as an Octopode Fire Elementalist on Feb 13, 2018.
             Succumbed to kobold's curare-tipped needle
             ... on level 3 of the Dungeon.
             The game lasted 00:01:55 (1456 turns).

Monsterracer the Firebug (OpFE)                     Turns: 1456, Time: 00:01:56

Health: -3/27      AC:  1    Str:  7    XL:     4   Next: 16%
Magic:  7/7        EV: 13    Int: 23    God:
Gold:   73         SH:  0    Dex: 12    Spells: 0/8 levels left

rFire    . . .     SeeInvis .   h - +2 dagger (drain)
rCold    . . .     Gourm    .   (no shield)
rNeg     . . .     Faith    .   (helmet restricted)
rPois    .         Spirit   .   (no amulet)
rElec    .         Reflect  .   (no ring)
rCorr    .         Harm     .   (no ring)
MR       .....                  (no ring)
Stlth    +++.......             (no ring)
HPRegen  0.09/turn              (no ring)
MPRegen  0.10/turn              (no ring)
                                (no ring)
                                (no ring)

@: brilliant, lethally poisoned (-3 -> -44), slowed, drained, very slow
A: almost no armour, stealthy swim, amphibious, 8 rings, constrict 8, camouflage
1, gelatinous body 1
a: no special abilities


You were on level 3 of the Dungeon.
You were not hungry.

You visited 1 branch of the dungeon, and saw 3 of its levels.

You collected 73 gold pieces.

Inventory:

Hand Weapons
 h - a +2 dagger of draining (weapon)
Wands
 i - a wand of paralysis (12)
Scrolls
 d - a scroll of magic mapping {unknown}
 e - 5 scrolls of identify {unknown}
 j - a scroll of enchant weapon {unknown}
 k - a scroll of amnesia {unknown}
 l - a scroll of remove curse {unknown}
 m - a scroll of teleportation {unknown}
Potions
 f - a potion of agility {unknown}
 g - a potion of haste {unknown}
Books
 a - a book of Flames

   Spells                             Type                      Level
   a - Flame Tongue                   Conjuration/Fire             1
   b - Throw Flame                    Conjuration/Fire             2
   c - Conjure Flame                  Conjuration/Fire             3
   d - Inner Flame                    Hexes/Fire                   3
   e - Sticky Flame                   Conjuration/Fire             4
   f - Fireball                       Conjuration/Fire             5
Comestibles
 c - 4 rations


   Skills:
 - Level 2.0(1.9) Dodging
 - Level 2.6(2.5) Stealth
 + Level 2.5(2.4) Spellcasting
 * Level 2.5(2.4) Conjurations
 * Level 3.8(3.7) Fire Magic


You couldn't memorise any spells.
You knew the following spells:

 Your Spells              Type           Power        Failure   Level  Hunger
a - Flame Tongue          Conj/Fire      ####.        1%          1    None
b - Conjure Flame         Conj/Fire      ####....     1%          3    ###....
c - Sticky Flame          Conj/Fire      ####....     4%          4    ####...


Dungeon Overview and Level Annotations

Branches:
Dungeon (3/15)

Altars:


Innate Abilities, Weirdness & Mutations

You cannot wear most types of armour.
You are very stealthy in the water. (Stealth+)
You are amphibious.
You can wear up to eight rings at the same time.
You can use your tentacles to constrict eight enemies at once.
Your skin changes colour to match your surroundings (Stealth+).
Your rubbery body absorbs attacks. (AC +1, EV +1)


Message History

The kobold hits you.
You take 2 damage, and have 18/21 hp.
You hit the kobold.
You kill the kobold!
The adder hisses angrily.
Casting: Flame Tongue
Confirm with . or Enter, or press ? or * to list all spells.
Aiming: Flame Tongue
Press: ? - help, Shift-Dir - straight line, f - adder
Aim: an adder The flame tongue hits the adder.
The adder is severely wounded.
The kobold shouts!
The adder bites you but does no damage.
You now have 5/6 mp.
Casting: Flame Tongue
Confirm with . or Enter, or press ? or * to list all spells.
Aiming: Flame Tongue
Press: ? - help, Shift-Dir - straight line, f/p - adder
Aim: an adder (severely wounded)
The flame tongue hits the adder.
You kill the adder!
You have reached level 4!
You regained 6 hp, and now have 24/27 hp.
You now have 4/7 mp.
Casting: Flame Tongue
Confirm with . or Enter, or press ? or * to list all spells.
Aiming: Flame Tongue
Press: ? - help, Shift-Dir - straight line, f - kobold
Aim: a kobold, wielding a dagger The flame tongue hits the kobold.
You kill the kobold!
You now have 3/7 mp.
Unknown command.
There is a stone staircase leading down here.
There is a stone staircase leading down here.
You see here 15 stones.
You are feeling hungry.
Health restored: 27; MP restored: 7 You see here 22 arrows.
You butcher the adder corpse.
l - a chunk of flesh Eating a chunk of flesh.
You eat the chunk of flesh.
This raw flesh tastes terrible.
You see here a dagger.
l - a scroll labeled SEGA IZIUHOOW This spell is quite dangerous to cast!
Memorise Sticky Flame, consuming 4 spell levels and leaving 0?
You start memorising the spell.
You continue memorising. x4
You finish memorising.
Spell assigned to 'c'.
There is an escape hatch in the floor here.
You see here a scale mail.
m - a scroll labeled ITIEZI EWEQAT Partly explored, can't reach some places.
Partly explored, can't reach some places.
You see here a scale mail.
There is an escape hatch in the floor here.
Really go through this one-way escape hatch?
You slide downwards.
The hatch slams shut behind you.
An adder, 2 kobolds and an orc come into view.
Found a ration.
The kobold shouts!
The kobold unwields an uncursed club.
The kobold wields a blowgun.
The kobold shoots a curare-tipped needle.
The curare-tipped needle hits you.
You are poisoned.
You have difficulty breathing.
You feel yourself slow down.
You take 2 damage, and have 25/27 hp.
Okay, then.
Okay, then.
You feel sick.
You take 2 damage, and have 23/27 hp.
You feel sick.
You take 2 damage, and have 21/27 hp.
The helpless kobold fails to defend itself.
You puncture the kobold!
You kill the kobold!
You feel sick.
The kobold shoots a curare-tipped needle.
The curare-tipped needle hits you.
You are lethally poisoned!
You have difficulty breathing.
You feel as though you will be slow longer.
The kobold shoots a curare-tipped needle.
The curare-tipped needle hits you.
You are more poisoned.
You have difficulty breathing.
* * * LOW HITPOINT WARNING * * *
You feel as though you will be slow longer.
You take 16 damage, and have 5/27 hp.
MASSIVE DAMAGE!!
Unknown command.
It was a potion of brilliance.
You feel clever all of a sudden.
* * * LOW HITPOINT WARNING * * *
You feel very sick.
The kobold shoots a curare-tipped needle.
The curare-tipped needle barely misses you.
You take 4 damage, and have 1/27 hp.
You die...

#.......S..
#.......K..
#..........
#..........
#..........
#..........
#..........
#..........
#@.........
#.)........
###########


You could see a kobold.

Vanquished Creatures
  2 adders (D:2)
  An ooze (D:1)
  3 dart slugs
  A leopard gecko (D:1)
  4 goblins
  5 hobgoblins
  2 quokkas (D:2)
  6 bats
  3 frilled lizards
  7 kobolds
  4 rats
38 creatures vanquished.

Notes
Turn   | Place    | Note
-------+----------+-------------------------------------------
     0 | D:1      | Monsterracer the Octopode Fire Elementalist began the quest for the Orb.
     0 | D:1      | Reached XP level 1. HP: 11/11 MP: 3/3
   196 | D:1      | Reached XP level 2. HP: 17/17 MP: 3/5
   729 | D:1      | Reached XP level 3. HP: 20/21 MP: 3/6
   739 | D:1      | Learned a level 3 spell: Conjure Flame
  1214 | D:2      | Reached XP level 4. HP: 24/27 MP: 4/7
  1386 | D:2      | Learned a level 4 spell: Sticky Flame
  1454 | D:3      | HP: 5/27 [asphyx]
  1455 | D:3      | HP: 1/27 [poisoned by kobold (curare-tipped needle)]
  1456 | D:3      | Succumbed to kobold's curare-tipped needle

Skill      XL: |  1  2  3 |
---------------+----------+-----
Conjurations   | 2 |  2.5
Dodging        | |  2.0
Stealth        | |  2.6
Spellcasting   | |  2.5
Fire Magic     | |  3.8

Action                   |  1- 3 |  4- 6 || total
-------------------------+-------+-------++-------
Melee: Dagger            |    39 |     1 ||    40
       Constrict         |    11 |       ||    11
       Tentacles         |     7 |       ||     7
 Cast: Flame Tongue      |    27 |     2 ||    29
  Use: Potion            |       |     1 ||     1
 Stab: Sleeping          |     5 |     1 ||     6
  Eat: Chunk             |     1 |     1 ||     2
Armor: Skin              |     8 |       ||     8
Dodge: Dodged            |    33 |     1 ||    34

Vault maps used:
D:1:      enne_arrival_octagon_isle, kennysheep_another_room, serial_park_tiny_2
D:2:      first_ration, serial_bayou_lake_a
D:3:      uniq_natasha
